 Dungeon Crawl Stone Soup version 0.30.1-9-gdf580d7c3d (webtiles) character file.

Game seed: 8200755026304296726

338 ChiefBigBeans the Trooper (level 6, 0/49 HPs)
             Began as a Demonspawn Fighter on Sept 26, 2023.
             Was an Initiate of Yredelemnul.
             Slain by a gnoll
             ... wielding a +0 whip
             ... led by a gnoll bouda
              (1 damage)
             ... on level 4 of the Dungeon.
             The game lasted 00:05:31 (2489 turns).

ChiefBigBeans the Trooper (Demonspawn Fighter)      Turns: 2489, Time: 00:05:32

Health: 0/49       AC:  7    Str: 17    XL:     6   Next: 29%
Magic:  6/6        EV:  9    Int:  9    God:    Yredelemnul [......]
Gold:   128        SH:  5    Dex: 14    Spells: 5/5 levels left

rFire   . . .        a - +0 flail (protect)
rCold   . . .        c - +0 buckler
rNeg    . . .        b - +0 scale mail
rPois   .            (helmet restricted)
rElec   .            (no cloak)
rCorr   .            (no gloves)
SInv    +            (no boots)
Will    +....        (no amulet) Stlth
                     j - ring of see invisible
HPRegen 0.28/turn    (no ring)
MPRegen 0.10/turn

%: random rage (3%)
@: on berserk cooldown, slowed, very slow
A: horns 2, foul stench 1, sturdy frame 1, claws 1, berserk 1, strong-willed 1,
shaggy fur 1
a: Renounce Religion, Recall Undead Harvest


You were on level 4 of the Dungeon.
You worshipped Yredelemnul.
Yredelemnul was noncommittal.
You visited 1 branch of the dungeon, and saw 4 of its levels.

You collected 128 gold pieces.

Inventory:

Hand Weapons
 a - a +0 flail of protection (weapon)
Missiles
 e - a throwing net (quivered)
Armour
 b - a +0 scale mail (worn)
 c - a +0 buckler (worn)
Jewellery
 j - a ring of see invisible (left claw)
Scrolls
 h - 2 scrolls of blinking
 k - a scroll of brand weapon
Potions
 d - a potion of might
 f - a potion of curing
 i - 2 potions of lignification {unknown}
 l - a potion of resistance {unknown}


   Skills:
 + Level 4.7 Fighting
 + Level 3.8 Maces & Flails
 - Level 2.6 Armour
 + Level 4.2 Shields


You had 5 spell levels left.
You didn't know any spells.
Your spell library contained the following spells:

 Spells                   Type           Power      Damage    Failure   Level
 Ensorcelled Hibernation  Hex/Ice        0%         N/A       86%         2
 Ozocubu's Armour         Ice            0%         N/A       98%         3
 Spider Form              Tmut/Pois      0%         N/A       98%         3
 Anguish                  Hex/Necr       0%         N/A       100%        4
 Metabolic Englaciation   Hex/Ice        0%         N/A       100%        5
 Simulacrum               Ice/Necr       Unusable   N/A       N/A         6

Dungeon Overview and Level Annotations

Branches:
Dungeon (4/15)
 Temple: D:4-7

Altars:
Yredelemnul


Innate Abilities, Weirdness & Mutations

You have a pair of horns on your head.
You may rarely emit foul miasma when damaged in melee.
Your movements are slightly less encumbered by armour. (ER -2)
You have sharp fingernails.
You sometimes lose your temper in combat.
You are strong-willed. (Will+)
You are covered in fur. (AC +1)


Message History

You swap places.
The gnoll hits you with a +0 club. The gnoll hits you with a +0 whip.
* * * LOW HITPOINT WARNING * * *
The gnoll hits your gnoll bouda zombie with a +0 club.
You swap places.
You feel your anger nearly subside.
You are no longer berserk.
You are exhausted.
You feel yourself slow down.
Your gnoll bouda zombie closely misses the gnoll.
The gnoll hits your gnoll bouda zombie with a +0 club.
The gnoll barely misses you.
You hit the gnoll. You headbutt the gnoll.
The gnoll is severely wounded.
The gnoll is no longer moving quickly. x2
The gnoll hits you but does no damage. The gnoll closely misses you.
Your gnoll bouda zombie hits the gnoll.
The gnoll hits you but does no damage. The gnoll hits you with a +0 whip.
* * * LOW HITPOINT WARNING * * *
You barely miss the gnoll. Your headbutt misses the gnoll.
The gnoll is severely wounded.
The gnoll closely misses you.
The gnoll hits you but does no damage. x2
Your gnoll bouda zombie hits the gnoll.
The gnoll barely misses you. The gnoll hits you with a +0 club.
* * * LOW HITPOINT WARNING * * *
The gnoll hits your gnoll bouda zombie with a +0 whip.
Your gnoll bouda zombie hits the gnoll.
The gnoll dies!
The gnoll hits you but does no damage. The gnoll hits you with a +0 whip.
* * * LOW HITPOINT WARNING * * *
You closely miss the gnoll.
The gnoll is severely wounded.
The gnoll barely misses you. The gnoll hits you with a +0 club.
* * * LOW HITPOINT WARNING * * *
You block the gnoll's attack.
Your gnoll bouda zombie hits the gnoll.
The gnoll dies!
The gnoll hits you with a +0 club.
* * * LOW HITPOINT WARNING * * *
The gnoll hits you with a +0 whip.
You die...
Your body rises from the dead as a mindless zombie.

# #..#.#
#.#..#.# #.
##.#..#.#
#..#.....#.#
##.#..#....#
###
.........>.#
#...
#...#..<#.....
#..g@Z..#...#
##..g))......#
#........#...#
#....##..# #<#
#...<#......##
#.####..#...+
#. ...#...# #
###.#...# #.#
..#


You could see 2 gnolls and a friendly gnoll bouda zombie.

Vanquished Creatures
  A human (D:3)
  A sleepcap (D:4)
  A gnoll bouda (D:4)
  A gnoll (D:4)
  5 adders
  A worm (D:3)
  3 dart slugs
  An orc (D:3)
  6 endoplasms
  4 giant cockroaches
  5 goblins
  5 hobgoblins
  7 jackals
  4 kobolds
  6 quokkas
  3 ball pythons
  7 bats
  6 frilled lizards
  A jackal skeleton (D:3)
  A jackal zombie (D:3)
  5 rats
74 creatures vanquished.

Vanquished Creatures (collateral kills)
  2 gnolls (D:4)
2 creatures vanquished.

Vanquished Creatures (others)
  A gnoll zombie (D:4)
1 creature vanquished.

Grand Total: 77 creatures vanquished

Notes
Turn   | Place    | Note
-------+----------+-------------------------------------------
     0 | D:1      | ChiefBigBeans the Demonspawn Fighter began the quest for
                  | the Orb.
     0 | D:1      | Reached XP level 1. HP: 18/18 MP: 1/1
   151 | D:1      | Gained mutation: You have a pair of small horns on your
                  | head. [demonic ancestry]
   151 | D:1      | Reached XP level 2. HP: 22/24 MP: 2/2
   440 | D:1      | Gained mutation: You may rarely emit foul miasma when
                  | damaged in melee. [demonic ancestry]
   440 | D:1      | Reached XP level 3. HP: 29/29 MP: 3/3
  1035 | D:1      | Gained mutation: You sometimes lose your temper in combat.
                  | [potion of mutation]
  1035 | D:1      | Gained mutation: You have sharp fingernails. [potion of
                  | mutation]
  1035 | D:1      | Gained mutation: You have hidden genetic potential. [potion
                  | of mutation]
  1109 | D:2      | Found a faded altar of an unknown god.
  1327 | D:2      | Gained mutation: You have a pair of horns on your head.
                  | [demonic ancestry]
  1327 | D:2      | Reached XP level 4. HP: 37/37 MP: 4/4
  1492 | D:2      | Gained mutation: You are covered in fur. (AC +1) [hidden
                  | potential]
  2084 | D:3      | Found a runed translucent door.
  2084 | D:3      | Noticed a human
  2089 | D:3      | Found a basalt altar of Yredelemnul.
  2113 | D:3      | Killed a human
  2114 | D:3      | Reached XP level 5. HP: 42/43 MP: 5/5
  2122 | D:3      | Gained mutation: You are strong-willed. (Will+) [hidden
                  | potential]
  2122 | D:3      | Lost mutation: You have hidden genetic potential. [hidden
                  | potential expressed]
  2193 | D:3      | Became a worshipper of Yredelemnul the Dark
  2472 | D:4      | Gained mutation: Your movements are slightly less
                  | encumbered by armour. (ER -2) [demonic ancestry]
  2472 | D:4      | Reached XP level 6. HP: 49/49 MP: 6/6
  2489 | D:4      | HP: 2/49 [gnoll/+0 club[a gnoll bouda] (6)]
  2489 | D:4      | Slain by a gnoll

Illustrated notes

Levels and vault maps discovered:
D:1:      nagdon_arrival_zigzag_paths, layout_basic,
          nicolae_concentric_dashed_squares_mild
D:2:      layout_basic, hellmonk_ecumenical_altar_prayer_group
D:3:      layout_loops_ring, dk_yredelemnul_ordeal, minmay_surrounded
D:4:      layout_basic, mainiacjoe_overflow_boulevard,
          minmay_temple_entry_purple_smoke, corexii_hall_statues_x,
          uniq_menkaure

Skill      XL: |  1  2  3  4 |
---------------+-------------+-----
Maces & Flails | 2 3 |  3.8
Shields        | 3 4 |  4.2
Fighting       | 4 |  4.7
Armour         | |  2.6

Action                     |  1- 3 |  4- 6 || total
---------------------------+-------+-------++-------
  Melee: Flail             |   114 |    77 ||   191
         Headbutt          |    16 |    12 ||    28
    Use: Scroll            |     4 |     3 ||     7
         Potion            |     3 |       ||     3
 Armour: Scale mail        |    55 |    48 ||   103
  Dodge: Dodged            |    49 |    46 ||    95
  Block: Buckler           |    23 |    23 ||    46
